 Dungeon Crawl Stone Soup version 0.31-a0-981-geadf994542 (webtiles) character file.

Game seed: 10197358321474413831

60 AppTheSpectato the Magician (level 4, -3/3 HPs)
             Began as a Djinni Fire Elementalist on Oct 31, 2023.
             Slain by a worm (6 damage)
             ... on level 2 of the Dungeon.
             The game lasted 00:05:16 (1173 turns).

AppTheSpectato the Magician (DjFE)                  Turns: 1173, Time: 00:05:17

Health: -3/3       AC:  0    Str:  7    XL:     4   Next: 24%
Gold:   82         EV: 12    Int: 18    God:
                   SH:  0    Dex: 14

rFire   + + .        h - melded +1 dagger (drain)
rCold   x . .        (shield currently unavailable)
rNeg    . . .        a - +0 robe
rPois   ∞            (no helmet)
rElec   .            (no cloak)
rCorr   .            (gloves currently unavailable)
SInv    +            (boots unavailable)
Will    .....        (no amulet)
Stlth   ++           f - ring of see invisible
HPRegen 0.20/turn    (no ring)
MPRegen 0.00/turn

%: infuse magic (-4 HP)
@: blade hands, flying
A: flying, reduced hp, sickness immunity, fire resistance 2, cold vulnerability
1, float, innate caster, HP casting, extra vitality 1
a: Begin Untransformation


You were on level 2 of the Dungeon.
You had blades for hands.
You visited 1 branch of the dungeon, and saw 2 of its levels.

You collected 82 gold pieces.

Inventory:

Hand Weapons
 h - a +1 dagger of draining (melded)
Armour
 a - a +0 robe (worn)
 j - an orb of mayhem
Jewellery
 f - a ring of see invisible (left blade hand)
Talismans
 l - a blade talisman (active)
Scrolls
 b - a scroll of amnesia {unknown}
 d - 2 scrolls of identify
 g - a scroll of immolation {unknown}
 i - 2 scrolls of noise {unknown}
Potions
 c - a potion of invisibility
 e - a potion of degeneration
 k - a potion of enlightenment {unknown}


   Skills:
 + Level 1.8 Fighting
 - Level 2.1 Dodging
 - Level 1.5 Stealth
 * Level 3.7 Spellcasting
 * Level 3.7 Conjurations
 * Level 3.7 Hexes
   Level 0.0 Charms
 * Level 3.7 Summonings
 * Level 3.7 Necromancy
 * Level 3.7 Translocations
 * Level 3.7 Transmutations
 * Level 3.7 Fire Magic
 * Level 3.7 Ice Magic
 * Level 3.7 Air Magic
 * Level 3.7 Earth Magic
 * Level 3.7 Poison Magic


You knew the following spells:

 Your Spells              Type           Power      Damage    Failure   Level
a - Foxfire               Conj/Fire      64%        2x1d7     3%          1
b - Scorch                Fire           32%        2d6       4%          2
c - Volatile Blastmotes   Fire/Tloc      32%        2d12      10%         3
d - Inner Flame           Hex/Fire       16%        N/A       10%         3
e - Flame Wave            Conj/Fire      16%        2d7       32%         4
f - Magic Dart            Conj           64%        1d6       3%          1
Your spell library was empty.

Dungeon Overview and Level Annotations

Branches:
Dungeon (2/15)

Altars:


Innate Abilities, Weirdness & Mutations

You have blades for hands.
You are flying.
Your maximum health is decreased, since you lack skill for your form.
You are incapable of wielding weapons or throwing items.
You are immune to sickness and miasma.
You are immune to poison.
Your flesh is very heat resistant. (rF++)
You are vulnerable to cold. (rC-)
You float through the air rather than walking.
You learn spells naturally, not from books.
Your magical power is your life essence.
You have superior vitality. (+4 MHP)


Message History

The foxfire hits the jackal.
The jackal is heavily wounded.
Your foxfire dissipates!
You conjure some foxfire!
The foxfire hits the jackal.
You kill the jackal!
The foxfire hits the jackal.
The jackal is severely wounded.
A jackal comes into view.
The foxfire hits the jackal.
You kill the jackal!
You see here a blade talisman.
You conjure some foxfire!
You conjure some foxfire!
The foxfire hits the jackal.
You kill the jackal!
l - a blade talisman A worm comes into view.
A worm is nearby!
The foxfire hits the worm.
The worm is moderately wounded.
The foxfire hits the worm!
The worm is severely wounded.
Your foxfire dissipates!
You begin transforming.
You continue transforming. x3
Your hands turn into razor-sharp scythe blades.
Your +1 dagger of draining melds into your body.
You hit the worm.
The worm is severely wounded.
The worm barely misses you.
You hit the worm but do no damage.
The worm is severely wounded.
You hit the worm but do no damage.
The worm is severely wounded.
The worm barely misses you.
You hit the worm.
The worm is severely wounded.
You hit the worm.
The worm is almost dead.
The worm bites you.
Ouch! That really hurt!
You die...

.....).....#.####.###
.†. ......).§..#)#
#.# #..#
....)).....#.# ...
#...
.........#.#.##.# ###
.........#.#....#
##.#.....#.#<.#
#.#..........# #
#.....##...####
#.........@...#
#........†w......#
#.....#.#†........ #
#.....#.#..#####..
#.......#... #
#####.###.##. .. ..#
## ## # # ...##


You could see a worm.

Vanquished Creatures
  A worm (D:2)
  A dart slug (D:2)
  5 ball pythons
  An endoplasm (D:1)
  A giant cockroach (D:1)
  4 goblins
  2 hobgoblins
  16 jackals
  A quokka (D:1)
  3 bats
  4 frilled lizards
  5 kobolds
  2 rats
46 creatures vanquished.

Vanquished Creatures (others)
  153 foxfires
153 creatures vanquished.

Grand Total: 199 creatures vanquished

Notes
Turn   | Place    | Note
-------+----------+-------------------------------------------
     0 | D:1      | AppTheSpectato the Djinni Fire Elementalist began the quest
                  | for the Orb.
     0 | D:1      | AppTheSpectato set off with the following spells memorised:
                  | Foxfire, Scorch, Volatile Blastmotes, Inner Flame, Flame
                  | Wave.
     0 | D:1      | Reached XP level 1. HP: 15/15 MP: 0/0
   148 | D:1      | Reached XP level 2. HP: 20/22 MP: 0/0
   276 | D:1      | Reached skill level 1 in Fighting
   483 | D:1      | Reached XP level 3. HP: 24/27 MP: 0/0
   483 | D:1      | Learned a level 1 spell: Magic Dart
  1067 | D:2      | Reached XP level 4. HP: 26/32 MP: 0/0
  1173 | D:2      | Slain by a worm

Illustrated notes

Levels and vault maps discovered:
D:1:      lightli_arrival_quake, layout_loops_ring
D:2:      layout_rooms

Skill      XL: |  1  2 |
---------------+-------+-----
Spellcasting   | |  3.7
Conjurations   | |  3.7
Hexes          | |  3.7
Summonings     | |  3.7
Necromancy     | |  3.7
Translocations | |  3.7
Transmutations | |  3.7
Fire Magic     | |  3.7
Ice Magic      | |  3.7
Air Magic      | |  3.7
Earth Magic    | |  3.7
Poison Magic   | |  3.7
Fighting       | 1 |  1.8
Dodging        | |  2.1
Stealth        | |  1.5

Action                     |  1- 3 |  4- 6 || total
---------------------------+-------+-------++-------
  Melee: Unarmed           |       |     5 ||     5
   Cast: Foxfire           |    85 |    16 ||   101
    Use: Scroll            |     2 |       ||     2
 Armour: Robe              |     1 |     1 ||     2
  Dodge: Dodged            |    10 |     3 ||    13
   Form: Blade             |       |     1 ||     1

Table legend: (Time is in decaauts)
 A = Elapsed time spent in this place.
 B = Non-inter-level travel time spent in this place.
 C = Inter-level travel time spent in this place.
 D = Time resting spent in this place.
 E = Time spent auto-exploring this place.
 F = Levels seen in this place.
 G = Mean time per level.
                   A        B        C        D        E       F      G
               +--------+--------+--------+--------+--------+-----+--------+
         Total |   1171 |   1127 |     44 |     40 |    816 |   2 |  585.5 |
       Dungeon |   1171 |   1127 |     44 |     40 |    816 |   2 |  585.5 |
               +--------+--------+--------+--------+--------+-----+--------+

Top non-repeatable levels by time:
     D:1: 848 daAuts
     D:2: 323 daAuts
